 Dungeon Crawl Stone Soup version 0.9.0-27-g8a39726 character file.

9499118 R18 the Petrodigitator (level 27, 161/161 HPs)
             Began as a Spriggan Earth Elementalist on Sept 13, 2011.
             Was the Champion of Makhleb.
             Escaped with the Orb
             ... and 15 runes on Sept 18, 2011!
             The game lasted 12:25:38 (176107 turns).

R18 the Petrodigitator (SpEE)                     Turns: 176107, Time: 12:25:38

HP 161/161       AC  7     Str 10      XL: 27
MP  50/50        EV 38     Int 29      God: Makhleb [******]
Gold 7826        SH  0     Dex 21      Spells: 16 memorised,  2 levels left

Res.Fire  : + + +   See Invis. : +   b - staff of channeling
Res.Cold  : + + .   Warding    : . . D - +0 robe of Defence {Str+3 Int+3}
Life Prot.: . . .   Conserve   : .   (shield restricted)
Res.Acid. : . . .   Res.Corr.  : .   v - +2 hat of the Alchemist {rElec rF+ rC+ MR}
Res.Poison: +       Clarity    : .   S - +2 cloak of Failure {Acc+4}
Res.Elec. : +       Spirit.Shd : .   (gloves unavailable)
Sust.Abil.: . .     Stasis     : .   (boots unavailable)
Res.Mut.  : +       Ctrl.Telep.: x   A - cursed amulet "Avueruv" {rMut Dex+2 Int+2}
Res.Rott. : .       Levitation : .   q - ring of wizardry
Saprovore : . . .   Ctrl.Flight: .   X - cursed ring of protection from fire

@: very slightly glowing, very quick, incredibly resistant to hostile
enchantments, quite stealthy
A: unfitting armour, fangs 1, horns 1, see invisible, cold resistance 1,
deformed body 1, fire resistance 1, herbivore 3, speed 3, poison resistance,
slow metabolism 3, AC +1, Int -1, Dex +1
a: Minor Destruction, Lesser Servant of Makhleb, Major Destruction, Greater
Servant of Makhleb, Renounce Religion
}: 15/15 runes: serpentine, barnacled, slimy, silver, golden, iron, obsidian,
icy, bone, abyssal, demonic, glowing, magical, fiery, dark


You escaped.
You worshipped Makhleb.
Makhleb was exalted by your worship.
You were full.

You visited 17 branches of the dungeon, and saw 112 of its levels.
You visited Pandemonium 2 times, and saw 19 of its levels.
You visited the Abyss 1 time.
You visited 3 portal chambers: ossuary, ice cave, trove.

You collected 14152 gold pieces.
You spent 6346 gold pieces at shops.

Inventory:

Hand weapons
 e - the cursed +4,+4 Staff of Dispater {unknown}
   (You took it off Dispater on level 7 of the Iron City of Dis)

   It has a curse placed upon it.
 k - a cursed +1,+3 orcish dagger of distortion (quivered)
Armour
 l - the cursed +0 robe "Apraoz" {rPois Dam+2 SInv}
   (You found it on level 7 of Cocytus)

   It affects your damage-dealing abilities (+2).
   It protects you from poison.
   It enhances your eyesight.
   It has a curse placed upon it.
 v - the cursed +2 hat of the Alchemist (worn) {rElec rF+ rC+ MR}
   (You found it in a treasure trove)

   It protects you from fire.
   It protects you from cold.
   It insulates you from electricity.
   It increases your resistance to enchantments.
   It has a curse placed upon it.
 D - the cursed +0 robe of Defence (worn) {Str+3 Int+3}
   (You found it on level 3 of the Vaults)

   It affects your strength (+3).
   It affects your intelligence (+3).
   It has a curse placed upon it.
 P - the cursed +0 cap "Heog" {+Lev rElec rPois Int+4 SInv}
   (You found it in a treasure trove)

   It affects your intelligence (+4).
   It insulates you from electricity.
   It protects you from poison.
   It enhances your eyesight.
   It lets you levitate.
   It has a curse placed upon it.
 S - the cursed +2 cloak of Failure (worn) {Acc+4}
   (You found it in a treasure trove)

   It affects your accuracy (+4).
   It has a curse placed upon it.
Magical devices
 d - a wand of digging (13)
 f - a wand of teleportation (8)
 r - a wand of hasting (4)
 x - a wand of hasting (8)
 K - a wand of teleportation (5)
Comestibles
 y - 4 royal jellies
Scrolls
 j - a scroll of vulnerability
 w - a scroll of fog
 C - a scroll of blinking
Jewellery
 g - a cursed ring of teleport control
 o - the cursed amulet "Veasalon" {Clar -CAST rF+}
   (You found it on level 7 of Cocytus)

   [amulet of clarity]

   It protects you from fire.
   It prevents spellcasting.
   It has a curse placed upon it.
 q - a ring of wizardry (right hand)
 A - the cursed amulet "Avueruv" (around neck) {rMut Dex+2 Int+2}
   (You found it on level 16 of the Dungeon)

   [amulet of resist mutation]

   It affects your intelligence (+2).
   It affects your dexterity (+2).
   It has a curse placed upon it.
 B - the cursed ring of Qiwkieca {unknown, SustAb Int+4}
   (You found it on level 7 of Tartarus)

   [ring of sustain abilities]

   It affects your intelligence (+4).
   It has a curse placed upon it.
 E - the cursed amulet of the Townfolk {unknown, rMut Str+2}
   (You found it on level 7 of Tartarus)

   [amulet of resist mutation]

   It affects your strength (+2).
   It has a curse placed upon it.
 M - the cursed ring of Lukh {rC++ Int+3}
   (You found it on level 3 of the Tomb of the Ancients)

   [ring of intelligence]

   It affects your intelligence (+3).
   It greatly protects you from cold.
   It has a curse placed upon it.
 O - the cursed amulet of Mnamapoy {Stasis Acc+2}
   (You found it on level 3 of the Tomb of the Ancients)

   [amulet of stasis]

   It affects your accuracy (+2).
   It has a curse placed upon it.
 V - the cursed ring "Qeluobe" {rElec MR Int+2}
   (You found it on level 8 of the Vaults)

   [ring of intelligence]

   It affects your intelligence (+2).
   It insulates you from electricity.
   It increases your resistance to enchantments.
   It has a curse placed upon it.
 X - a cursed ring of protection from fire (left hand)
 Z - a cursed ring of protection from magic
Potions
 p - 2 potions of heal wounds
 s - 2 potions of brilliance
 u - 2 potions of restore abilities
Magical staves
 a - a staff of earth
 b - a staff of channeling (weapon)
 n - a cursed staff of energy
Orbs of Power
 c - the Orb of Zot
Miscellaneous
 h - the horn of Geryon
 t - a crystal ball of energy
 z - an ornate deck of destruction
 H - a legendary deck of war {the Elixir}
 N - an ornate deck of defence {Warpwright}


   Skills:
 + Level 22 Fighting
 - Level 1 Short Blades
 + Level 11 Staves
 - Level 1 Armour
 + Level 23 Dodging
 - Level 4 Stealth
 - Level 1 Stabbing
 - Level 7 Traps & Doors
 - Level 1 Unarmed Combat
 + Level 26 Spellcasting
 - Level 1 Conjurations
 * Level 23 Charms
 - Level 7 Summonings
 - Level 15 Necromancy
 - Level 11 Translocations
 - Level 18 Transmutations
 - Level 1 Fire Magic
 - Level 1 Air Magic
 O Level 27 Earth Magic
 O Level 27 Evocations


You had 2 spell levels left.
You knew the following spells:

 Your Spells              Type           Power        Success   Level  Hunger
a - Haste                 Chrm           #########    Excellent   6    None
b - Controlled Blink      Tloc           N/A          Excellent   7    None
c - Death's Door          Chrm/Necr      ########..   Excellent   8    Choko
e - Fulsome Distillation  Trmt/Necr      N/A          Perfect     1    None
f - Flight                Air/Chrm       ########..   Excellent   4    None
g - Blink                 Tloc           N/A          Perfect     2    None
j - Lee's Rapid Deconstr  Erth           #########.   Perfect     5    None
k - Repel Missiles        Air/Chrm       ########..   Perfect     2    None
l - Necromutation         Trmt/Necr      ########..   Excellent   8    Choko
m - Iron Shot             Erth/Conj      ########..   Excellent   6    None
n - Regeneration          Chrm/Necr      ########..   Perfect     3    None
o - Apportation           Tloc           ########..   Perfect     1    None
p - Borgnjor's Revivific  Necr           ########..   Excellent   7    None
q - Shatter               Erth           #########.   Excellent   9    Honeycomb
r - Dispel Undead         Necr           ########.    Perfect     4    None
s - Abjuration            Summ           #######...   Excellent   3    None

Dungeon Overview and Level Annotations

Branches:
Dungeon (27/27)            Temple (0/1) D:5             Orc (4/4) D:10
    Elf (5/5) Orc:3          Lair (8/8) D:8          Shoals (5/5) Lair:6
  Slime (6/6) Lair:6        Snake (5/5) Lair:6         Hive (2/2) D:11
  Vault (8/8) D:16          Blade (0/1) Vault:4       Crypt (5/5) Vault:4
   Tomb (3/3) Crypt:2         Dis (7/7) Hell            Geh (7/7) Hell
    Coc (7/7) Hell            Tar (7/7) Hell            Zot (5/5) D:27

Altars:
Ashenzari
Cheibriados
Elyvilon
Fedhas
Kikubaaqudgha
Makhleb
Sif Muna
The Shining One
Trog
Vehumet
Yredelemnul
Zin

Shops:
D:6: ! D:20: ( D:22: / D:24: *( Orc:2: [ Orc:3: =+ Orc:4: /*+( Elf:1: = Elf:2: ! Shoals:1: ! Shoals:5: / Snake:2: / Snake:3: % Snake:4: ( Vault:2: ! Vault:3: / Vault:7: (*(

Portals:
Hell: D:21 D:22 D:23 D:24 D:26 D:27 Lair:8 Dis:1* Dis:2* Dis:3 Dis:4 Dis:5 Dis:6** Dis:7** Geh:1** Geh:2 Geh:3** Geh:4 Geh:5 Geh:6** Geh:7* Coc:1** Coc:2 Coc:3** Coc:4 Coc:5* Coc:6** Coc:7** Tar:1 Tar:2 Tar:3 Tar:4 Tar:5 Tar:6 Tar:7*
Abyss: D:23 D:25
Pan: D:21 D:24

Annotations
D:3 trwz ghost!
D:21 exclusion: downstairs
Lair:8 hell ending
Slime:2 exclusion: upstairs
Slime:4 exclusion: downstairs
Slime:5 exclusion: upstairs
Snake:1 exclusion: downstairs
Crypt:2 exclusion: downstairs


Innate Abilities, Weirdness & Mutations

You are tiny and cannot use many weapons and most armour.
You have supernaturally acute eyesight.
You are a herbivore.
You cover ground extremely quickly.
You need consume almost no food.
You have very sharp teeth.
You have a pair of small horns on your head.
You are agile (Dex +1).
Your flesh is cold resistant.
Armour fits poorly on your unusually shaped body.
You are dopey (Int -1).
Your flesh is heat resistant.
Your system is resistant to poisons.
You are covered in fur (AC +1).


Message History

Zapping:
d - a wand of digging (14)
Press: ? - help, Shift-Dir - straight line The rock liquefies and sinks out of sight.
This wand has 13 charges left.
You see here 26 sling bullets.
A goblin comes into view. It is wielding a club.
There is a staircase leading out of the dungeon here.
The goblin shouts!
Casting: Haste
Confirm with . or Enter, or press ? or * to list all spells.
The dungeon rumbles!
You kill the goblin!
Makhleb accepts your kill.
Ka-crash!
Unknown command.
There is a staircase leading out of the dungeon here.
Evoke which item? (* to show all) (? for menu, Esc to quit)
You gaze into the crystal ball.
You are suffused with power!
Are you sure you want to win?
You have escaped!

...# ...# ...#
...#
#.#.#############
.................
#.####.##.#######
...#.##..###.####
..).....@.....[..
#.#.##...#.######
....####.########
........(........
....####.#.######
....# #..## ##.
#######..######..
.................
######.#######..#


There were no monsters in sight!

Vanquished Creatures
  Antaeus (Coc:7)
  Ignacio (Pan)
  the royal jelly (Slime:6)
  Ereshkigal (Tar:7)
  Dispater (Dis:7)
  Tiamat (Zot:2)
  9 ancient liches
  Khufu (Crypt:2)
  3 orbs of fire the Serpent of Hell (Tar:7)
  26 greater mummies
  Saint Roka (D:22)
  Boris (twice) (Vault:4 Vault:8)
  2 curse toes (Zot:5)
  Norris (Vault:3)
  Mara (D:21)
  Margery (D:21)
  2 Killer Klowns (Zot:5)
  Mennas (Vault:5)
  Geryon (Hell)
  6 golden dragons
  Xtahua (D:22)
  2 pandemonium lords (Pan)
  Frederick (D:21)
  4 electric golems
  3 Fiends
  3 Pit Fiends
  Nikola (Orc:4)
  Jory (D:27)
  A deep elf blademaster (Elf:5)
  A curse skull (Crypt:3)
  4 liches
  25 Orb Guardians (Zot:5)
  3 ghost moths
  A ghost moth (shapeshifter) (Vault:3)
  4 titans
  9 shadow dragons
  29 acid blobs
  2 eldritch tentacles (Dis:6)
  4 krakens
  An acid blob (shapeshifter) (D:25)
  12 Ice Fiends
  15 storm dragons
  Rupert (D:14)
  7 sphinxes
  4 Shadow Fiends
  2 draconian monks
  5 draconian knights
  Roxanne (Vault:3)
  Aizul (Vault:3)
  Murray (Hell)
  4 Balrugs
  Ilsuiw (Shoals:5)
  11 Executioners
  13 bone dragons
  A ghoul (Tomb:2)
  6 frost giants
  5 draconian scorchers
  An iron dragon (Vault:8)
  Wiglaf (Shoals:4)
  41 stone giants
  Louise (Vault:3)
  An orc warlord (D:25)
  The ghost of randumb the Eclecticist, a powerful HEWz (Snake:5)
  7 azure jellies
  Maud (Elf:3)
  8 draconian zealots
  Gastronok (Lair:4)
  6 draconian shifters
  5 draconian annihilators
  5 fire giants
  8 tentacled monstrosities
  A kraken zombie (Coc:6)
  A stone giant (shapeshifter) (Vault:8)
  5 grey draconians
  A draconian caller (Zot:3)
  2 quicksilver dragon skeletons
  5 Cacodemons
  8 greater nagas (Snake:5)
  2 deep elf annihilators (Elf:5)
  9 deep elf death magi
  3 green draconians
  Jozef (Lair:4)
  11 black draconians
  6 white draconians
  3 yellow draconians
  2 dire elephants (Lair:8)
  Azrael (Snake:2)
  6 pale draconians
  8 purple draconians
  9 mottled draconians
  4 Green Deaths
  7 red draconians
  A titan zombie (Geh:6)
  3 great orbs of eyes
  3 ettins
  Snorg (D:19)
  4 vampire knights
  10 deep elf sorcerers
  6 Blue Deaths (Pan)
  21 mummy priests
  11 dragons
  6 eidola (Crypt:5)
  2 storm dragon zombies
  4 sirens
  A titan skeleton (Crypt:3)
  24 vault guards (Vault:8)
  2 salamanders (Geh:7)
  53 yaktaur captains
  A great orb of eyes (shapeshifter) (Vault:8)
  A golden dragon zombie (Geh:4)
  4 death cobs
  23 ice dragons
  Josephine (D:13)
  7 death oozes
  3 merfolk aquamancers
  Erica (Orc:1)
  Harold (D:13)
  6 merfolk javelineers
  3 storm dragon skeletons
  9 hydras
  An ice dragon (shapeshifter) (D:25)
  7 wizards
  Polyphemus (Shoals:2)
  4 anacondas
  2 golden dragon skeletons
  4 shadow dragon zombies
  2 anaconda skeletons
  3 sphinx zombies
  Nessos (Snake:2)
  10 ogre magi
  An anaconda (shapeshifter) (Vault:8)
  3 rakshasas (Pan)
  A hydra (shapeshifter) (Vault:8)
  6 merfolk impalers (Shoals:5)
  An alligator (shapeshifter) (Vault:8)
  2 iron dragon zombies
  A death yak (shapeshifter) (Vault:8)
  13 deep trolls
  6 deep elf demonologists (Elf:5)
  7 shadow dragon skeletons
  5 deep elf high priests
  7 stone giant zombies
  2 frost giant zombies
  Nergalle (D:14)
  9 hell hogs
  3 fire giant zombies
  2 iron dragon skeletons
  23 centaur warriors
  5 orc high priests
  A sphinx skeleton (D:20)
  10 death yaks
  8 very ugly things
  2 frost giant skeletons
  5 fire giant skeletons
  2 death drakes (shapeshifter)
  11 stone giant skeletons
  7 sun demons
  22 ice devils
  An alligator snapping turtle zombie (Hell)
  4 soul eaters
  An iron troll (shapeshifter) (D:25)
  The ghost of Vidiiot the Archer, an experienced HECj of Vehumet (D:12)
  87 skeletal warriors
  17 hell knights
  6 giant orange brains
  9 shadow wraiths
  10 sea snakes
  A giant orange brain (shapeshifter) (Vault:8)
  A grey draconian zombie (Zot:5)
  5 elves (shapeshifter)
  4 iron trolls
  2 dire elephant skeletons
  Erolcha (Orc:1)
  19 deep elf knights
  7 naga warriors
  2 pale draconian zombies (Tar:7)
  A black draconian zombie (Abyss)
  5 unseen horrors
  3 purple draconian zombies
  A hill giant (shapeshifter) (Vault:8)
  25 orc knights
  6 flayed ghosts
  2 mottled draconian zombies (Tar:7)
  2 ice statues (Port)
  An iron troll zombie (Crypt:3)
  2 sea snake zombies
  2 death yak skeletons
  10 hill giants
  2 statues (Crypt:5)
  A sea snake skeleton (Crypt:1)
  5 orc sorcerers
  5 large large abominations
  2 grey draconian skeletons
  2 purple draconian skeletons
  A vampire mage (Crypt:3)
  22 giant amoebae
  An alligator snapping turtle skeleton (Crypt:5)
  5 mottled draconian skeletons
  3 death drake zombies
  A white draconian skeleton (Tar:7)
  21 necromancers
  A siren zombie (Geh:2)
  A green draconian skeleton (Coc:7)
  10 hellions
  2 pale draconian skeletons
  Urug (Elf:2)
  17 crystal golems
  2 iron troll skeletons
  14 phantasmal warriors
  2 catoblepas zombies
  3 flaming corpses
  31 harpies
  27 moths of wrath
  2 sixfirhies
  2 fire crabs
  A harpy skeleton (Geh:2)
  2 trapdoor spider zombies
  A sphinx simulacrum (Vault:2)
  2 death drake skeletons (Dis:6)
  10 griffons
  Maurice (Orc:1)
  A hydra skeleton (D:13)
  2 Lorocyprocas (Hell)
  A shining eye (shapeshifter) (Vault:7)
  7 shining eyes
  9 ice dragon zombies
  2 siren skeletons
  6 wolf spiders
  2 red wasps (shapeshifter)
  18 cyclopes
  26 black mambas
  A dragon zombie (Vault:1)
  An elephant slug (Lair:8)
  A weapon mimic (D:25)
  A moth of wrath (shapeshifter) (Vault:8)
  A guardian serpent zombie (Crypt:1)
  2 red wasp zombies (Tar:7)
  5 spiny worms
  2 ettin zombies
  19 tormentors
  A red wasp (D:24)
  2 trapdoor spiders
  8 spiny frogs
  61 yaktaurs
  39 reapers
  A griffon skeleton (Geh:3)
  An eye of devastation (shapeshifter) (D:23)
  2 eyes of devastation
  7 elephants
  A slime creature (shapeshifter) (Vault:7)
  A dragon skeleton (Vault:2)
  A black mamba (shapeshifter) (D:21)
  6 ettin skeletons
  147 slime creatures
  A queen ant (shapeshifter) (Vault:8)
  9 ice dragon skeletons
  A guardian serpent skeleton (Crypt:4)
  22 orange demons
  2 giant toad skeletons
  A queen ant zombie (Crypt:5)
  A rock troll (shapeshifter) (Vault:8)
  5 hill giant zombies
  45 hellwings
  A yaktaur (shapeshifter) (Vault:8)
  A giant toad zombie (D:13)
  A giant firefly zombie (Crypt:5)
  A mermaid (shapeshifter) (D:14)
  Psyche (D:9)
  14 naga magi
  12 iron devils
  A black mamba skeleton (Crypt:1)
  103 ugly things
  A spiny worm zombie (Geh:3)
  An efreet (Pan)
  8 mermaids
  96 guardian mummies
  2 spriggan skeletons
  16 rock trolls
  10 komodo dragons
  7 silent spectres
  A hill giant skeleton (Pan)
  13 hell beasts
  A spriggan (shapeshifter) (Vault:8)
  A komodo dragon (shapeshifter) (D:20)
  18 snapping turtles
  2 deep troll zombies
  A queen bee (Hive:2)
  15 smoke demons
  A troll (shapeshifter) (Vault:5)
  6 rock troll zombies
  5 redbacks
  An agate snail zombie (Vault:5)
  11 trolls
  5 raven skeletons
  22 two-headed ogres
  4 baby alligator skeletons
  22 giant toads
  6 humans (D:17)
  18 blink frogs
  A bumblebee (shapeshifter) (Vault:8)
  3 rock troll skeletons
  A baby alligator zombie (Crypt:3)
  3 spiny frog skeletons
  3 deep troll skeletons
  6 demonic crawlers
  9 ravens (D:27)
  3 basilisks
  13 brown oozes
  23 bumblebees
  8 hairy devils
  A snapping turtle skeleton (Abyss)
  14 deep elf conjurers
  3 redback zombies
  2 blink frog zombies
  An elephant zombie (Crypt:3)
  2 trapdoor spider simulacra
  61 yaks
  3 merfolk zombies
  34 wraiths
  4 shadow demons
  A spectral orc (D:13)
  A wyvern (Lair:7)
  A swamp dragon skeleton (Crypt:5)
  24 blue devils
  A hog zombie (Coc:3)
  11 vampires
  A hippogriff (shapeshifter) (Elf:1)
  15 ynoxinuls
  27 neqoxecs
  A viper (shapeshifter) (D:20)
  A lindwurm skeleton (Crypt:5)
  Eustachio (D:7)
  2 vipers
  A chaos spawn (Abyss)
  An elephant skeleton (Crypt:5)
  12 metal gargoyles (Dis:7)
  40 merfolk
  15 golden eyes
  4 sharks
  4 fire drakes
  37 necrophages
  The ghost of Euph0ria the Magician, an average TrWz (D:3)
  4 hungry ghosts
  7 merfolk (shapeshifter)
  15 deep elf summoners
  2 fire elementals (Snake:2)
  4 blink frog skeletons
  A hog skeleton (Crypt:3)
  22 hippogriffs
  6 fire crab zombies
  A viper skeleton (Coc:7)
  10 water elementals
  4 yaktaur zombies
  42 vampire mosquitoes
  4 draconian zombies
  30 deep elf fighters
  2 mermaid zombies
  A fire drake skeleton (Crypt:5)
  4 jumping spiders (Crypt:5)
  12 manticores
  A rock troll simulacrum (D:18)
  38 hell hounds
  A komodo dragon zombie (Crypt:1)
  6 yaktaur skeletons
  A komodo dragon skeleton (Crypt:3)
  Menkaure (D:5)
  3 soldier ants
  2 cyclops zombies
  11 molten gargoyles (Geh:7)
  2 rock worms
  2 wyvern skeletons
  34 freezing wraiths
  22 small abominations
  A manticore zombie (Hell)
  8 insubstantial wisps
  4 mottled dragons
  A mermaid skeleton (Tar:7)
  20 deep elf priests
  68 orc warriors
  15 red devils
  A manticore skeleton (Geh:2)
  A yak zombie (D:14)
  4 cyclops skeletons
  4 giant goldfish
  A bumblebee zombie (D:15)
  3 kobold demonologists
  A rock worm zombie (Geh:3)
  37 centaurs
  11 phantoms
  A redback simulacrum (Vault:3)
  2 troll zombies
  2 shark zombies (Coc:7)
  21 ice beasts
  4 boring beetles
  A polar bear zombie (Crypt:5)
  A grizzly bear skeleton (Crypt:2)
  5 sky beasts
  A fire crab simulacrum (Vault:1)
  A troll skeleton (D:17)
  6 yellow wasps (Hive:2)
  63 nagas
  4 elf zombies
  8 wargs
  15 crocodiles
  2 hippogriff skeletons (Crypt:5)
  48 ogres
  25 deep elf magi
  A human skeleton (Coc:7)
  2 lava worms (Hell)
  A war dog zombie (Crypt:5)
  3 brain worms
  26 rotting devils
  A centaur zombie (Geh:2)
  3 yellow wasp zombies
  12 giant slugs
  A giant frog zombie (Crypt:5)
  18 big kobolds
  A war dog skeleton (Geh:6)
  A tarantella zombie (Tar:7)
  34 water moccasins
  11 giant frogs
  5 agate snails
  A centaur skeleton (Vault:3)
  A two-headed ogre zombie (Crypt:5)
  A black bear zombie (Crypt:4)
  4 soldier ant zombies
  A water moccasin skeleton (Coc:1)
  A water moccasin zombie (Tomb:3)
  A warg zombie (D:21)
  A basilisk zombie (Crypt:4)
  2 two-headed ogre skeletons
  7 eyes of draining
  2 basilisk skeletons
  A giant frog skeleton (Geh:2)
  2 draconian skeletons
  2 lava fish (D:25)
  95 killer bees
  5 boulder beetles
  A felid zombie (Coc:3)
  2 bumblebee simulacra
  31 electric eels
  26 jellyfish
  70 wights
  3 goliath beetles
  A shark simulacrum (Coc:7)
  A big kobold zombie (Crypt:1)
  2 demigod zombies
  A dwarf zombie (Coc:7)
  20 lava snakes
  A pulsating lump (shapeshifter) (Vault:4)
  2 pulsating lumps (Slime:6)
  5 big kobold skeletons
  25 imps
  An ogre zombie (Hell)
  A goliath beetle (shapeshifter) (Vault:2)
  A demonspawn skeleton (Crypt:4)
  A brain worm zombie (Crypt:3)
  A deep dwarf zombie (Geh:4)
  A demigod skeleton (Crypt:3)
  A demonspawn zombie (Coc:6)
  A dwarf skeleton (Geh:1)
  3 ogre skeletons
  A crocodile skeleton (Geh:2)
  4 hound zombies
  A kenku skeleton (Crypt:1)
  13 iguanas
  3 quasits
  49 orc priests
  3 hound skeletons
  13 iron imps
  A naga zombie (Crypt:3)
  58 shadows
  10 hounds
  A spider (Crypt:5)
  6 porcupines
  4 scorpions
  46 orc wizards
  A naga skeleton (Geh:6)
  11 worker ants
  7 big fish
  An orange rat zombie (Tar:7)
  2 swamp drake zombies
  An orange rat (Crypt:5)
  42 deep elf soldiers
  3 orange rat skeletons
  34 sheep
  2 worker ant zombies
  4 big fish zombies
  2 swamp drake skeletons
  2 big fish skeletons (Coc:7)
  Ijyb (D:5)
  2 fire vortices (D:25)
  A boggart (shapeshifter) (Vault:8)
  28 jellies
  A goliath beetle zombie (D:16)
  4 gnolls (D:7)
  60 mummies
  2 humans (shapeshifter)
  28 lemures
  27 midges
  69 flying skulls
  5 giant centipedes
  36 green rats
  3 scorpion zombies
  A giant centipede zombie (Tar:7)
  A halfling zombie (Coc:7)
  A porcupine zombie (Tar:7)
  A halfling skeleton (Coc:7)
  5 iguana skeletons
  An iguana zombie (Tar:7)
  10 shadow imps
  A sheep skeleton (Coc:1)
  32 snakes
  2 snake skeletons
  6 snake zombies
  10 giant mites
  2 porcupine skeletons
  36 white imps
  34 ufetubi
  9 worms
  A sheep simulacrum (Tomb:2)
  9 grey rats
  4 bat skeletons
  3 bat zombies
  13 giant eyeballs
  A giant mite zombie (D:21)
  2 green rat zombies
  9 giant geckos
  3 gnoll skeletons
  A gnoll zombie (Port)
  9 oozes
  246 orcs
  A giant cockroach (shapeshifter) (Vault:8)
  21 goblins
  33 hobgoblins
  32 jackals
  11 quokkas
  An ant larva zombie (Coc:1)
  51 bats
  13 giant cockroaches
  A giant cockroach zombie (Tar:4)
  8 giant newts
  A giant newt skeleton (Tar:7)
  A giant spore (D:12)
  2 goblin skeletons
  3 goblin zombies
  2 grey rat skeletons
  A hobgoblin skeleton (D:16)
  A hobgoblin zombie (Port)
  4 human zombies
  7 illusory rakshasas (Pan)
  A jackal zombie (Crypt:5)
  54 killer bee larvae
  A killer bee larva zombie (Crypt:3)
  36 kobolds
  A kobold skeleton (Crypt:1)
  2 kobold zombies
  An orc simulacrum (Tomb:1)
  6 orc skeletons
  5 orc zombies
  4 quokka skeletons
  A quokka zombie (Geh:3)
  42 rats
  5 rat zombies
  4 small snake skeletons
  2 small snake zombies
  2 ballistomycetes (D:12)
  3 bushes
  2 butterflies
  An eldritch tentacle segment (Dis:6)
  14 fungi
  22 plants
  8 tentacles
  6 tentacle segments
  165 toadstools
5352 creatures vanquished.

Vanquished Creatures (collateral kills)
  A hellwing (Pan)
1 creature vanquished.

Vanquished Creatures (others)
  A stone giant (Vault:8)
  A black draconian (Zot:2)
  An unseen horror (Vault:2)
  A trapdoor spider zombie (Tomb:1)
  29 slime creatures
  An orange demon (Pan)
  A tormentor (Pan)
  A fire crab zombie (Coc:6)
  A kobold demonologist (D:19)
  An ogre (D:21)
  4 centaurs (D:21)
  A brain worm (Vault:1)
  A big kobold (D:19)
  2 water moccasins (Snake:5)
  A giant frog zombie (Crypt:5)
  A killer bee (Hive:2)
  A warg skeleton (Crypt:5)
  A wight (Tar:1)
  A small abomination (Pan)
  A shadow (Tar:7)
  A jelly (D:17)
  3 mummies
  6 lemures (Pan)
  A midge (Pan)
  A green rat (Lair:6)
  A snake (Lair:1)
  3 white imps (Port)
  3 ufetubi
  7 orcs
  2 goblins
  A hobgoblin (D:22)
  4 jackals (Lair:2)
  3 kobolds
  A giant newt (D:16)
  A giant newt skeleton (Geh:1)
  A killer bee larva (Hive:2)
  An orc skeleton (D:12)
  2 rats
  A rat skeleton (Crypt:1)
  73 eldritch tentacle segments (Dis:6)
  A fungus (Lair:8)
  8 plants (Crypt:5)
  19 tentacles
  103 tentacle segments
  542 toadstools
841 creatures vanquished.

Grand Total: 6194 creatures vanquished

Notes
Turn   | Place    | Note
--------------------------------------------------------------
     0 | D:1      | R18, the Spriggan Earth Elementalist, began the quest for the Orb.
     0 | D:1      | Reached XP level 1. HP: 9/9 MP: 4/4
   498 | D:1      | Reached skill level 4 in Stealth
   498 | D:1      | Reached XP level 2. HP: 11/13 MP: 1/7
  1143 | D:2      | Reached skill level 1 in Stabbing
  1143 | D:2      | Reached XP level 3. HP: 16/16 MP: 5/10
  1143 | D:2      | Reached XP level 4. HP: 21/21 MP: 6/13
  1337 | D:2      | Found a shattered altar of Ashenzari.
  1483 | D:2      | Found a white marble altar of Elyvilon.
  2151 | D:3      | Reached XP level 5. HP: 18/24 MP: 13/17
  2482 | D:3      | Learned a level 2 spell: Stoneskin
  2486 | D:3      | Learned a level 3 spell: Passwall
  2490 | D:3      | Learned a level 3 spell: Stone Arrow
  2550 | D:3      | Noticed Euph0ria's ghost (average TrWz)
  3287 | D:3      | Found a burning altar of Makhleb.
  3293 | D:3      | Reached skill level 1 in Short Blades
  3325 | D:3      | Became a worshipper of Makhleb the Destroyer
  3751 | D:3      | Acquired Makhleb's first power
  3957 | D:4      | Reached skill level 1 in Traps & Doors
  4123 | D:4      | Reached skill level 1 in Fighting
  4123 | D:4      | Reached XP level 6. HP: 22/28 MP: 16/19
  4575 | D:4      | Acquired Makhleb's second power
  4901 | D:5      | Entered Level 5 of the Dungeon
  4989 | D:5      | Reached skill level 5 in Earth Magic
  5088 | D:5      | Found a staircase to the Ecumenical Temple.
  5167 | D:5      | Noticed Ijyb
  5214 | D:5      | Defeated Ijyb
  5300 | D:5      | Noticed Menkaure
  5318 | D:5      | Defeated Menkaure
  5318 | D:5      | Reached skill level 5 in Spellcasting
  5318 | D:5      | Reached XP level 7. HP: 30/32 MP: 19/21
  5335 | D:5      | Found a blossoming altar of Fedhas.
  5789 | D:6      | Learned a level 1 spell: Fulsome Distillation
  5792 | D:6      | Learned a level 2 spell: Evaporate
  5956 | D:6      | Found Sumemunt's Distillery.
  6010 | D:6      | Bought a potion of porridge for 12 gold pieces
  6010 | D:6      | Bought a potion of heal wounds for 36 gold pieces
  6010 | D:6      | Bought a potion of mutation for 36 gold pieces
  6010 | D:6      | Bought a potion of brilliance for 30 gold pieces
  6010 | D:6      | Bought a potion of resistance for 84 gold pieces
  6012 | D:6      | Gained mutation: You have a pair of small horns on your head.
  6012 | D:6      | Gained mutation: You are dopey (Int -1).
  6012 | D:6      | Gained mutation: You can spit poison.
  6016 | D:6      | Lost mutation: You are dopey (Int -1).
  6016 | D:6      | Lost mutation: You have a pair of small horns on your head.
  6016 | D:6      | Lost mutation: You can spit poison.
  6106 | D:6      | Acquired Makhleb's third power
  6179 | D:6      | Found an ancient bone altar of Kikubaaqudgha.
  6235 | D:6      | Reached skill level 6 in Earth Magic
  6235 | D:6      | Reached XP level 8. HP: 38/38 MP: 15/23
  6926 | D:7      | Acquired Makhleb's fourth power
  7018 | D:7      | Noticed Eustachio
  7033 | D:7      | Defeated Eustachio
  7069 | D:7      | Got an encrusted quarterstaff
  7070 | D:7      | Identified the quarterstaff "Tuenurim" {flame, Dex-2} (You found it on level 7 of the Dungeon)
  7290 | D:7      | Found a sand-covered staircase. 7316
                  | ossuary
                  | Entered a tomb 7335
                  | ossuary
                  | Reached skill level 7 in Earth Magic 7341
                  | ossuary
                  | Reached skill level 1 in Necromancy 7345
                  | ossuary
                  | Reached XP level 9. HP: 40/42 MP: 19/25 7614
                  | ossuary
                  | Reached skill level 12 in Spellcasting 7614
                  | ossuary
                  | Reached XP level 10. HP: 47/47 MP: 26/31
  7832 | D:7      | Learned a level 2 spell: Blink
  7835 | D:7      | Learned a level 2 spell: Levitation
  7840 | D:7      | Learned a level 4 spell: Petrify
  7846 | D:7      | Learned a level 5 spell: Lee's Rapid Deconstruction
  7880 | D:8      | Found a basalt altar of Yredelemnul.
  7955 | D:8      | Reached skill level 1 in Conjurations
  7962 | D:8      | Found a radiant altar of Vehumet.
  8228 | D:8      | Reached skill level 1 in Evocations
  8272 | D:8      | Gained mutation: You are agile (Dex +1).
  8307 | D:8      | Noticed a mottled dragon
  8522 | D:8      | Defeated a mottled dragon
  8552 | D:8      | Found a staircase to the Lair.
  9324 | D:9      | Acquired Makhleb's fifth power
  9445 | D:9      | Reached skill level 5 in Fighting
  9588 | D:9      | Reached skill level 10 in Earth Magic
  9703 | D:9      | Noticed Psyche
  9793 | D:9      | Defeated Psyche
  9793 | D:9      | Reached skill level 1 in Staves
 10925 | Lair:1   | Entered Level 1 of the Lair of Beasts
 11307 | Lair:1   | Reached skill level 13 in Spellcasting
 11626 | Lair:1   | Reached XP level 11. HP: 51/51 MP: 20/32
 12898 | Lair:2   | Got a creamy pearl robe
 13743 | Lair:3   | Reached skill level 5 in Evocations
 14043 | Lair:3   | You fall through a shaft!
 14815 | Lair:3   | Reached skill level 14 in Spellcasting
 15231 | Lair:4   | Noticed Gastronok
 15323 | Lair:4   | Reached XP level 12. HP: 52/58 MP: 11/35
 15356 | Lair:4   | Noticed Jozef
 15909 | Lair:4   | Defeated Jozef
 16324 | Lair:4   | Defeated Gastronok
 18256 | Lair:6   | Found a staircase to the Shoals.
 18266 | Lair:6   | Identified the +1 robe of Obun (You found it on level 2 of the Lair of Beasts)
 18396 | Lair:6   | Reached skill level 15 in Spellcasting
 19049 | Lair:6   | Found a staircase to the Snake Pit.
 19257 | Lair:6   | Found a staircase to the Slime Pits.
 19794 | Lair:7   | Identified a -1 rod of destruction [lightning,iron,fireball] (11/11) (You found it on level 7 of the Lair of Beasts)
 20960 | Lair:8   | Entered Level 8 of the Lair of Beasts
 21162 | Lair:8   | Reached XP level 13. HP: 65/65 MP: 11/36
 21334 | Lair:7   | Noticed a wandering mushroom
 22256 | Lair:8   | Reached skill level 10 in Evocations
 22801 | Lair:8   | Found a snail-covered altar of Cheibriados.
 22950 | Lair:8   | Reached skill level 16 in Spellcasting
 23967 | Lair:8   | Reached skill level 10 in Fighting
 24006 | Lair:8   | Found a burning altar of Makhleb.
 24216 | Lair:8   | Found a gateway to Hell.
 24230 | Lair:8   | Paralysed by you for 3 turns
 24718 | D:10     | Entered Level 10 of the Dungeon
 24974 | D:10     | Defeated a redback
 25483 | D:10     | Found a staircase to the Orcish Mines.
 26308 | D:11     | Found a staircase to the Hive.
 27101 | D:12     | Noticed Vidiiot's ghost (experienced HECj)
 27328 | Snake:1  | Entered Level 1 of the Snake Pit
 27335 | Snake:1  | Reached XP level 14. HP: 71/71 MP: 37/37
 28377 | Snake:2  | Noticed Azrael
 29362 | D:12     | Defeated Vidiiot's ghost
 30738 | D:13     | Noticed Harold
 30743 | D:13     | Defeated Harold
 30743 | D:13     | Reached skill level 17 in Spellcasting
 31706 | D:13     | Noticed Josephine
 31711 | D:13     | Defeated Josephine
 31711 | D:13     | Reached skill level 5 in Transmutations
 32003 | D:13     | You fall through a shaft!
 32100 | D:15     | Entered Level 15 of the Dungeon
 32621 | D:15     | Found a blossoming altar of Fedhas.
 33023 | D:14     | Noticed Nergalle
 33197 | D:14     | Noticed Rupert
 33448 | D:15     | Reached skill level 5 in Staves
 34563 | D:14     | Defeated Rupert
 34762 | D:14     | Defeated Nergalle
 34762 | D:14     | Reached XP level 15. HP: 77/77 MP: 15/38
 35072 | D:14     | Found a bloodstained altar of Trog.
 36194 | D:16     | Got a smoking platinum amulet
 36938 | D:16     | Identified the amulet "Avueruv" (You found it on level 16 of the Dungeon)
 37129 | D:16     | Found a staircase to the Vaults.
 37379 | D:17     | Reached skill level 15 in Earth Magic
 37388 | D:17     | Reached skill level 18 in Spellcasting
 38148 | D:17     | Reached skill level 1 in Fire Magic
 39317 | Orc:1    | Entered Level 1 of the Orcish Mines
 39481 | Orc:2    | Found Lili's Antique Armour Boutique.
 39697 | Orc:1    | Noticed Erica
 39705 | Orc:1    | Defeated Erica
 39744 | Orc:1    | Noticed Maurice
 39752 | Orc:1    | Defeated Maurice
 39995 | Orc:1    | Noticed Erolcha
 40057 | Orc:1    | Defeated Erolcha
 40307 | Orc:3    | Found Skizaseo's Jewellery Shop.
 40382 | Orc:3    | Found Sihojaf's Book Emporium.
 40400 | Orc:3    | Noticed an iron troll
 40463 | Orc:3    | Defeated an iron troll
 40580 | Orc:3    | Bought a book of Wizardry for 330 gold pieces
 40581 | Orc:3    | Bought a book of Minor Magic for 220 gold pieces
 40585 | Orc:3    | Learned a level 2 spell: Repel Missiles
 40638 | Orc:3    | Found a staircase to the Elven Halls.
 40886 | Orc:4    | Entered Level 4 of the Orcish Mines
 41153 | Orc:4    | Noticed an orc high priest
 41154 | Orc:4    | Defeated an orc high priest
 41158 | Orc:4    | Noticed an orc high priest
 41160 | Orc:4    | Noticed an orc high priest
 41160 | Orc:4    | Defeated an orc high priest
 41160 | Orc:4    | Defeated an orc high priest
 41160 | Orc:4    | Reached skill level 1 in Charms
 41161 | Orc:4    | Noticed an orc high priest
 42587 | Orc:4    | Noticed Nikola
 42609 | Orc:4    | Defeated Nikola
 42609 | Orc:4    | Reached skill level 1 in Air Magic
 42819 | Orc:4    | Reached XP level 16. HP: 84/84 MP: 35/40
 43285 | Orc:4    | Defeated an orc high priest
 43464 | Orc:4    | Found Grom's General Store.
 43465 | Orc:4    | Found Miaxummeg's Antique Weapon Boutique.
 43479 | Orc:4    | Found Khasm's Magical Wand Shop.
 43480 | Orc:4    | Found Phaiddad's Book Boutique.
 43490 | Orc:4    | Bought a manual of Spellcasting for 1840 gold pieces
 45723 | D:19     | Noticed Snorg
 46589 | D:19     | Defeated Snorg
 46939 | D:19     | Reached skill level 19 in Spellcasting
 47339 | D:19     | Learned a level 5 spell: Ignite Poison
 47401 | D:20     | Entered Level 20 of the Dungeon
 48111 | D:20     | Found Lextiag's Weapon Emporium.
 48315 | D:20     | Noticed a deep elf priest
 48318 | D:20     | Defeated a deep elf priest
 48319 | D:20     | Noticed a deep elf mage
 48338 | D:20     | Defeated a deep elf mage
 48960 | D:21     | Noticed Mara
 49479 | Shoals:1 | Entered Level 1 of the Shoals
 50461 | Shoals:1 | Found Pilirama's Distillery.
 51948 | Shoals:2 | Reached XP level 17. HP: 84/89 MP: 13/41
 52501 | Shoals:2 | Reached skill level 5 in Charms
 52531 | Shoals:2 | Noticed Polyphemus
 52545 | Shoals:2 | Defeated Polyphemus
 53476 | Shoals:2 | Reached skill level 20 in Spellcasting
 56817 | Hive:1   | Entered Level 1 of the Hive
 58642 | Hive:2   | Entered Level 2 of the Hive
 59600 | Vault:1  | Entered Level 1 of the Vaults
 60493 | Orc:3    | Bought the ring of Surprise {SustAb rC+} for 598 gold pieces
 60853 | Snake:2  | Found Twisauwu's Magical Wand Shoppe.
 60855 | Snake:2  | Noticed Nessos
 60868 | Snake:2  | Defeated Nessos
 61854 | Snake:2  | Defeated Azrael
 62365 | Snake:3  | Found a glowing silver altar of Zin.
 62625 | Snake:3  | Reached skill level 10 in Transmutations
 62743 | Snake:3  | Found Pruet's Food Shop.
 63266 | Snake:4  | Found a white marble altar of Elyvilon.
 63552 | Snake:4  | Found Loqines' Weapon Shop.
 64472 | Snake:5  | Entered Level 5 of the Snake Pit
 64571 | Snake:5  | Noticed randumb's ghost (powerful HEWz)
 64996 | Snake:5  | Defeated randumb's ghost
 65754 | Snake:5  | Reached skill level 21 in Spellcasting
 66535 | Snake:5  | Reached XP level 18. HP: 95/95 MP: 4/43
 69062 | Snake:5  | Got a serpentine rune of Zot
 69365 | Lair:2   | Learned a level 6 spell: Iron Shot
 69369 | Lair:2   | Learned a level 3 spell: Regeneration
 69371 | Lair:2   | Learned a level 1 spell: Apportation
 69503 | Snake:2  | Bought a wand of cold (11) for 510 gold pieces
 70283 | D:14     | Paralysed by a giant eyeball for 4 turns
 72680 | D:21     | Noticed Margery
 72685 | D:21     | Noticed a deep elf summoner
 72692 | D:21     | Defeated a deep elf summoner
 72734 | D:21     | Found a one-way gate leading to the halls of Pandemonium.
 72752 | D:21     | Noticed a deep elf priest
 72771 | D:21     | Defeated a deep elf priest
 72775 | D:21     | Defeated a deep elf mage
 73026 | D:21     | Defeated Margery
 73523 | D:21     | Identified a scroll of acquirement
 73557 | D:21     | Noticed Frederick
 74042 | D:21     | Defeated Mara
 74752 | D:21     | Reached XP level 19. HP: 101/101 MP: 19/44
 75573 | D:21     | Defeated Frederick
 75912 | D:22     | Noticed Saint Roka
 76405 | D:22     | Noticed a crystal golem
 76408 | D:22     | Defeated a crystal golem
 76431 | D:22     | Noticed Xtahua
 77151 | D:22     | Defeated Saint Roka
 79323 | D:22     | Found Otwotioh's Magical Wand Emporium.
 79431 | D:22     | Defeated Xtahua
 79431 | D:22     | Reached skill level 22 in Spellcasting
 79955 | D:22     | Reached skill level 5 in Necromancy
 81036 | D:23     | Found a one-way gate to the infinite horrors of the Abyss.
 82707 | Orc:3    | Bought a book of the Earth for 715 gold pieces
 82715 | Orc:3    | Learned a level 6 spell: Statue Form
 82901 | Lair:2   | Learned a level 9 spell: Shatter
 83187 | Vault:1  | Reached XP level 20. HP: 76/107 MP: 27/45
 83576 | Vault:1  | Reached XP level 19. HP: 101/101 MP: 5/54
 83750 | Vault:1  | Reached XP level 20. HP: 90/107 MP: 19/45
 84221 | Vault:1  | Found a deep blue altar of Sif Muna.
 84399 | Vault:1  | Reached skill level 15 in Fighting
 85250 | Vault:2  | Found a glowing golden altar of the Shining One.
 85772 | Vault:2  | Found Klet Qesh's Distillery.
 85780 | Vault:2  | Bought a potion of heal wounds for 57 gold pieces
 85938 | Vault:2  | Noticed a deep elf summoner
 85942 | Vault:2  | Defeated a deep elf summoner
 87830 | Vault:3  | Noticed Louise
 88094 | Vault:3  | Defeated Louise
 88469 | Vault:3  | Noticed Norris
 88518 | Vault:3  | Defeated Norris
 89077 | Vault:3  | Defeated a deep elf priest
 89268 | Vault:3  | Noticed Aizul
 90097 | Vault:3  | Noticed Roxanne
 90104 | Vault:3  | Defeated Roxanne
 90691 | Vault:3  | Noticed an ancient lich
 90812 | Vault:3  | Defeated Aizul
 91043 | Vault:3  | Noticed an ancient lich
 91106 | Vault:3  | Defeated an ancient lich
 91106 | Vault:3  | Reached XP level 21. HP: 113/113 MP: 16/45
 92237 | Vault:3  | Got a distressingly furry robe
 92242 | Vault:3  | Identified the cursed +0 robe of Defence (You found it on level 3 of the Vaults)
 92357 | Vault:3  | Found Foledyh's Magical Wand Shop.
 94013 | Vault:3  | Reached skill level 1 in Armour
 94365 | Vault:3  | Defeated an ancient lich
 94688 | Vault:4  | Found a staircase to the Hall of Blades.
 95619 | Vault:4  | Found a staircase to the Crypt.
 95619 | Vault:4  | Found a basalt altar of Yredelemnul.
 95621 | Vault:4  | Found an ancient bone altar of Kikubaaqudgha.
 96708 | Vault:4  | Noticed Boris
 96769 | Vault:4  | Defeated Boris
 97323 | Vault:5  | Noticed Mennas
 97570 | Vault:5  | Defeated Mennas
 98350 | Vault:5  | Reached XP level 22. HP: 121/121 MP: 18/46
 98764 | Vault:4  | Noticed a pulsating lump
 98766 | Vault:4  | Defeated a pulsating lump
 99149 | Lair:2   | Learned a level 4 spell: Dispel Undead
100491 | Vault:6  | Found a white marble altar of Elyvilon.
101529 | Vault:7  | Found Blin's Assorted Antiques.
101649 | Vault:7  | Found Leahogh's Weapon Shoppe.
101675 | Vault:7  | A death drake changed into a shining eye
101676 | Vault:7  | Defeated a shining eye
102138 | Vault:7  | Reached skill level 10 in Staves
102575 | Vault:7  | Found Rakkac Gecwa's Antique Weapon Emporium.
102683 | Vault:7  | Bought a fine quarterstaff for 303 gold pieces
102684 | Vault:7  | Identified the +1,+5 quarterstaff of the Elven Halls (You bought it in a shop on level 7 of the Vaults)
103577 | Lair:2   | Gained mutation: You are weak (Str -1).
103577 | Lair:2   | Gained mutation: You have very sharp teeth.
103577 | Lair:2   | Gained mutation: Your muscles are strong, but stiff (Str +1, Dex -1).
103578 | Lair:2   | Gained mutation: Armour fits poorly on your unusually shaped body.
103578 | Lair:2   | Gained mutation: You have a pair of small horns on your head.
103579 | Lair:2   | Gained mutation: Your flesh is cold resistant.
103579 | Lair:2   | Gained mutation: Your flesh is heat resistant.
103579 | Lair:2   | Gained mutation: You are covered in fur (AC +1).
103580 | Lair:2   | Lost mutation: Your muscles are strong, but stiff (Str +1, Dex -1).
103580 | Lair:2   | Gained mutation: You are dopey (Int -1).
103581 | Lair:2   | Gained mutation: Your system is resistant to poisons.
103599 | Lair:2   | Learned a level 4 spell: Alistair's Intoxication
104028 | Vault:8  | Entered Level 8 of the Vaults
104028 | Vault:8  | Noticed Boris
104047 | Vault:8  | Reached skill level 23 in Spellcasting
104074 | Vault:8  | Reached XP level 23. HP: 99/126 MP: 28/47
104080 | Vault:8  | Defeated Boris
104643 | Vault:8  | Noticed a golden dragon
104661 | Vault:8  | Defeated a golden dragon
105326 | Vault:8  | Noticed a guardian serpent
105327 | Vault:8  | A guardian serpent changed into an elf
106012 | Vault:8  | Noticed a deep elf death mage
106015 | Vault:8  | Defeated a deep elf death mage
106381 | Vault:8  | Got a smoking wooden ring
106401 | Vault:8  | Got a silver rune of Zot
106406 | Vault:8  | Identified the ring "Qeluobe" (You found it on level 8 of the Vaults)
106567 | Vault:8  | Noticed a bone dragon
106567 | Vault:8  | Defeated a bone dragon
106629 | Vault:8  | Noticed a deep elf death mage
106632 | Vault:8  | Defeated a deep elf death mage
106654 | Vault:8  | Got a levitating book
106656 | Vault:8  | Identified the Volume of Vitriolic Attacks (You found it on level 8 of the Vaults)
107735 | Vault:8  | Reached XP level 24. HP: 133/133 MP: 47/47
107741 | Vault:8  | Noticed an iron dragon
107748 | Vault:8  | Defeated an iron dragon
108240 | Vault:8  | Reached skill level 1 in Unarmed Combat
108405 | Vault:8  | Noticed a deep elf high priest
108406 | Vault:8  | Defeated a deep elf high priest
108541 | Vault:8  | Identified a +4 rod of destruction [ice] (12/12) (You took it off an orc on level 8 of the Vaults)
108794 | Vault:8  | Got a graven book
109364 | Lair:2   | Identified the Compendium of Cloudy Enhancements (You found it on level 8 of the Vaults)
109756 | Crypt:1  | Entered Level 1 of the Crypt
110688 | Crypt:2  | Noticed Khufu
111403 | Crypt:2  | Found a staircase to the Tomb.
111590 | Crypt:2  | Defeated Khufu
114791 | Crypt:5  | Entered Level 5 of the Crypt
115326 | Crypt:5  | Noticed a lich
115468 | Crypt:5  | Defeated a lich
115709 | Crypt:5  | Found an ancient bone altar of Kikubaaqudgha.
115741 | Crypt:5  | Noticed a reaper
115749 | Crypt:5  | Defeated a reaper
115768 | Crypt:5  | Noticed a reaper
115774 | Crypt:5  | Defeated a reaper
115877 | Crypt:5  | Noticed a reaper
115881 | Crypt:5  | Defeated a reaper
115883 | Crypt:5  | Defeated a reaper
116705 | Crypt:5  | Noticed a reaper
116705 | Crypt:5  | Noticed a reaper
116708 | Crypt:5  | Defeated a reaper
116720 | Crypt:5  | Defeated a reaper
116751 | Crypt:5  | Noticed an ancient lich
116773 | Crypt:5  | Defeated an ancient lich
116773 | Crypt:5  | Reached skill level 10 in Necromancy
116858 | Crypt:5  | Got a droning book
116860 | Crypt:5  | Got a rare book
116867 | Crypt:5  | Identified the Tome of Excruciating Weightlessness (You found it on level 5 of the Crypt)
116867 | Crypt:5  | Identified Ikan's Volume of Good Luck and Poisoning (You found it on level 5 of the Crypt)
116898 | Crypt:5  | Noticed a reaper
116908 | Crypt:5  | Defeated a reaper
119600 | Elf:1    | Entered Level 1 of the Elven Halls
119617 | Elf:1    | Found a radiant altar of Vehumet.
119693 | Elf:1    | Noticed an orc priest
119696 | Elf:1    | Defeated an orc priest
120158 | Elf:1    | Found Wyar's Jewellery Shop.
120168 | Elf:1    | Bought an uncursed ring of wizardry for 420 gold pieces
120234 | Elf:1    | You fall through a shaft!
120252 | Elf:2    | Reached XP level 25. HP: 126/140 MP: 36/48
120833 | Elf:2    | Noticed Urug
120839 | Elf:2    | Defeated Urug
121576 | Elf:2    | Found Suwaskoa's Distillery.
121623 | Elf:3    | Found a frozen archway.
121639 | IceCv    | Entered an ice cave
122553 | Elf:3    | Noticed Maud
122557 | Elf:3    | Defeated Maud
123721 | Elf:5    | Entered Level 5 of the Elven Halls
123721 | Elf:5    | Noticed an orc priest
123722 | Elf:5    | Defeated an orc priest
123823 | Elf:5    | Noticed a deep elf blademaster
123830 | Elf:5    | Defeated a deep elf blademaster
124654 | Elf:5    | Got a shimmering ivory ring
124669 | Elf:5    | Got an ancient granite ring
124696 | Elf:5    | Identified the ring of Craneilo (You found it on level 5 of the Elven Halls)
124697 | Elf:5    | Identified the ring "Difeamik" (You found it on level 5 of the Elven Halls)
124937 | Elf:5    | Got a flimsy blue robe
126132 | Lair:2   | Identified the +3 robe of Clouds (You acquired it on level 5 of the Elven Halls)
126318 | Orc:3    | Bought a book of Summonings for 1155 gold pieces
126502 | Lair:2   | Got a heavy robe
126503 | Lair:2   | Identified the -5 robe "Qorghuits" (You acquired it on level 2 of the Lair of Beasts)
126526 | Lair:2   | Learned a level 8 spell: Necromutation
126534 | Lair:2   | Learned a level 7 spell: Borgnjor's Revivification
126539 | Lair:2   | Learned a level 3 spell: Abjuration
127081 | Tomb:1   | Entered Level 1 of the Tomb of the Ancients
127242 | Tomb:1   | Reached skill level 1 in Summonings
128326 | Tomb:1   | Reached XP level 26. HP: 148/148 MP: 19/48
131554 | Tomb:2   | Reached skill level 5 in Summonings
131938 | Tomb:1   | Reached XP level 27. HP: 75/147 MP: 36/49
132953 | Tomb:3   | Entered Level 3 of the Tomb of the Ancients
132967 | Tomb:3   | Reached skill level 5 in Traps & Doors
132975 | Tomb:3   | Reached skill level 24 in Earth Magic
133573 | Tomb:3   | Got a sparkling amber ring
133797 | Tomb:3   | Got an engraved book
133807 | Tomb:3   | Identified the Guide on Dark Malediction (You found it on level 3 of the Tomb of the Ancients)
133817 | Tomb:3   | Got a brightly glowing jade amulet
134009 | Tomb:3   | Got a golden rune of Zot
134537 | Lair:2   | Identified the amulet of Mnamapoy (You found it on level 3 of the Tomb of the Ancients)
134538 | Lair:2   | Identified the cursed ring of Lukh (You found it on level 3 of the Tomb of the Ancients)
134573 | Lair:2   | Identified a +7 rod of destruction [inacc,magma,cold] (13/13) (You took it off a guardian mummy on level 3 of the Tomb of the Ancients)
134599 | Lair:2   | Learned a level 4 spell: Flight
134610 | Lair:2   | Learned a level 6 spell: Haste
134971 | Shoals:5 | Entered Level 5 of the Shoals
134971 | Shoals:5 | Found Smazxey's Magical Wand Boutique.
134978 | Shoals:5 | Noticed Ilsuiw
134982 | Shoals:5 | Defeated Ilsuiw
135423 | Shoals:4 | Noticed Wiglaf
135769 | Shoals:4 | Defeated Wiglaf
136115 | Shoals:5 | Got a barnacled rune of Zot
136465 | Slime:1  | Entered Level 1 of the Pits of Slime
136912 | Slime:2  | Reached skill level 5 in Dodging
137506 | Slime:3  | You fall through a shaft!
138981 | Slime:4  | You fall through a shaft!
140144 | Slime:4  | Reached skill level 25 in Earth Magic
140270 | Slime:6  | Entered Level 6 of the Pits of Slime
140639 | Slime:5  | Paralysed by a giant eyeball for 4 turns
140869 | Slime:6  | Noticed the royal jelly
141583 | Slime:6  | Defeated the royal jelly
141939 | Slime:6  | Got a slimy rune of Zot
142098 | Slime:6  | Got a yellowed book
142103 | Slime:6  | Got a colourful book
142106 | Slime:6  | Identified the Guide on Talismans (You found it on level 6 of the Pits of Slime)
142106 | Slime:6  | Identified the Incunabulum of Mutagenic Clay (You found it on level 6 of the Pits of Slime)
143064 | Pan      | Entered Pandemonium
143078 | Pan      | Entered the realm of Mnoleg.
143109 | Pan      | Noticed Mnoleg
143115 | Pan      | Got a glowing rune of Zot
143300 | Pan      | Reached skill level 15 in Necromancy
143444 | Pan      | Entered the realm of Gloorx Vloq.
143630 | Pan      | Got a dark rune of Zot
143633 | Pan      | Noticed Gloorx Vloq
143720 | D:21     | You pass through the gate.
144918 | Pan      | Entered the realm of Lom Lobon.
145078 | Pan      | Reached skill level 1 in Translocations
145417 | Pan      | Noticed an ancient lich
145732 | Pan      | Reached skill level 10 in Dodging
145797 | Pan      | Noticed Lom Lobon
145898 | Pan      | Got a magical rune of Zot
146249 | Pan      | Reached skill level 15 in Transmutations
146477 | Pan      | Noticed Brio the pandemonium lord
146689 | Pan      | Noticed Ignacio
146715 | Pan      | Defeated Ignacio
146948 | Pan      | Entered the realm of Cerebov.
146978 | Pan      | Noticed Cerebov
146980 | Pan      | Got a fiery rune of Zot
147157 | Pan      | Noticed Kampiory the pandemonium lord
147598 | Pan      | Noticed Skotey the pandemonium lord
147819 | Pan      | Noticed Dusunykk the pandemonium lord
147826 | Pan      | Defeated Dusunykk the pandemonium lord
147826 | Pan      | Reached skill level 15 in Evocations
148109 | Pan      | Noticed Cuywk the pandemonium lord
148111 | Pan      | Defeated Cuywk the pandemonium lord
148119 | Pan      | Got a demonic rune of Zot
148139 | Pan      | You are cast into the Abyss!
148139 | Pan      | Cast into the Abyss (distortion unwield)
148139 | Abyss    | Entered The Abyss
148215 | Abyss    | Noticed a tormentor
148217 | Abyss    | Defeated a tormentor
148279 | Abyss    | Noticed a sky beast
148290 | Abyss    | Defeated a sky beast
148310 | Abyss    | Noticed a purple draconian
148497 | Abyss    | Lost mutation: You are weak (Str -1).
148525 | Abyss    | Noticed a Pit Fiend
148632 | Abyss    | Noticed a white draconian
148774 | Abyss    | Noticed a stone golem
148793 | Abyss    | Noticed a green draconian
148794 | Abyss    | Noticed a tormentor
148827 | Abyss    | Noticed a soul eater
148843 | Abyss    | Noticed a purple draconian
148879 | Abyss    | Noticed an eye of devastation
149093 | Abyss    | Reached skill level 5 in Translocations
149265 | Abyss    | Noticed a yellow draconian
149282 | Abyss    | Defeated a yellow draconian
149311 | Abyss    | Noticed a white draconian zealot
149547 | Abyss    | Noticed a naga mage
149549 | Abyss    | Defeated a naga mage
149559 | Abyss    | Noticed a pale draconian
149561 | Abyss    | Defeated a pale draconian
149678 | Abyss    | Noticed a necromancer
149683 | Abyss    | Defeated a necromancer
149688 | Abyss    | Noticed a grey draconian annihilator
149689 | Abyss    | Noticed a stone golem
149851 | Abyss    | Got an abyssal rune of Zot
149880 | D:21     | You pass through the gate.
150274 | Lair:2   | Got a fine buckler
150302 | Lair:2   | Learned a level 7 spell: Controlled Blink
150896 | D:24     | Found Cianwuof's Weapon Shoppe.
151112 | D:24     | Reached skill level 10 in Translocations
151246 | D:24     | Found Qahu's Assorted Antiques.
151284 | D:24     | Noticed a deep elf sorcerer
151286 | D:24     | Defeated a deep elf mage
151286 | D:24     | Defeated a deep elf sorcerer
151287 | D:24     | Noticed a deep elf priest
151290 | D:24     | Defeated a deep elf priest
151431 | D:24     | Noticed a deep elf priest
151438 | D:24     | Defeated a deep elf priest
152703 | D:22     | Noticed an ancient lich
152956 | D:22     | Defeated an ancient lich
153047 | D:25     | Entered Level 25 of the Dungeon
153288 | D:25     | Reached skill level 10 in Charms
153596 | D:25     | Noticed a golden dragon
153600 | D:25     | A golden dragon changed into an acid blob
153723 | D:25     | Noticed a bone dragon
153726 | D:25     | Noticed a pulsating lump
153726 | D:25     | A pulsating lump changed into a glowing shapeshifter
153749 | D:25     | Noticed a golden dragon
153750 | D:25     | Noticed an ancient lich
153754 | D:25     | Defeated an ancient lich
153758 | D:25     | Got a twitching marble ring
153763 | D:25     | Got a slimy wizard hat
153771 | D:25     | Noticed an orc warlord
153797 | D:25     | Identified the ring "Thratonk" (You found it on level 25 of the Dungeon)
153799 | D:25     | Identified the +3 hat of Pondering (You found it on level 25 of the Dungeon)
153913 | D:25     | Got a sparkling marble ring
153915 | D:25     | Identified the ring "Morhunau" (You found it on level 25 of the Dungeon)
153921 | D:25     | Got a transparent steam dragon armour
153922 | D:25     | Identified the +4 steam dragon armour "Shrudghist" (You acquired it on level 25 of the Dungeon)
154037 | D:25     | Defeated a bone dragon
154170 | D:25     | Noticed an iron dragon
154172 | D:25     | Defeated an orc warlord
154172 | D:25     | An iron dragon changed into an iron troll
154608 | D:26     | Reached skill level 15 in Charms
154706 | D:26     | Found a portal to a secret trove of treasure. 156109
                  | trove
                  | Entered a treasure trove 156115
                  | trove
                  | Got a dirty hat 156119
                  | trove
                  | Identified the +2 hat of the Alchemist (You found it in a treasure trove) 156120
                  | trove
                  | Got a smoking cloak 156127
                  | trove
                  | Got a pitted steam dragon armour 156131
                  | trove
                  | Got a crude cap 156133
                  | trove
                  | Got a crude wizard hat 156135
                  | trove
                  | Got a faintly glowing cap 156138
                  | trove
                  | Got a transparent cloak
156765 | Lair:2   | Identified the -2 cloak "Amnauhyuh" (You found it in a treasure trove)
156766 | Lair:2   | Identified the +2 steam dragon armour of Sunlight (You found it in a treasure trove)
156767 | Lair:2   | Identified the +0 cap "Heog" (You found it in a treasure trove)
156768 | Lair:2   | Identified the -1 wizard hat of Fun (You found it in a treasure trove)
156769 | Lair:2   | Identified the +2 cloak of Failure (You found it in a treasure trove)
156770 | Lair:2   | Identified the +2 cap of Responsibility (You found it in a treasure trove)
157731 | D:27     | Entered Level 27 of the Dungeon
157743 | D:27     | Noticed a bone dragon
157806 | D:27     | Defeated a bone dragon
157821 | D:27     | Noticed a golden dragon
157902 | D:27     | Defeated a golden dragon
158745 | D:27     | Defeated Jory
159605 | Zot:1    | Entered Level 1 of the Realm of Zot
159681 | Zot:1    | Reached skill level 26 in Earth Magic
160808 | Zot:2    | Reached skill level 15 in Dodging
161480 | Zot:2    | Noticed Tiamat
161774 | Zot:2    | Defeated Tiamat
164059 | Zot:4    | Noticed an orb of fire
164074 | Zot:4    | Defeated an orb of fire
164718 | Zot:5    | Entered Level 5 of the Realm of Zot
165309 | Zot:5    | Noticed an orb of fire
165321 | Zot:5    | Defeated an orb of fire
165437 | Zot:5    | Noticed an ancient lich
165442 | Zot:5    | Defeated an ancient lich
165620 | Zot:5    | Noticed an ancient lich
165624 | Zot:5    | Defeated an ancient lich
165754 | Zot:4    | Reached skill level 27 in Earth Magic
165860 | Zot:5    | Noticed an ancient lich
165864 | Zot:5    | Defeated an ancient lich
165954 | Zot:5    | Noticed an orb of fire
165965 | Zot:5    | Defeated an orb of fire
165965 | Zot:5    | Reached skill level 27 in Evocations
165979 | Zot:5    | Noticed an ancient lich
165981 | Zot:5    | Defeated an ancient lich
167200 | Lair:2   | Learned a level 8 spell: Death's Door
167446 | Hell     | Entered the Vestibule of Hell
167446 | Hell     | Noticed Geryon
167485 | Hell     | Noticed Murray
167770 | Hell     | Defeated Murray
167781 | Hell     | Defeated Geryon
167849 | Hell     | Found a gateway to the decaying netherworld of Tartarus.
167926 | Hell     | Found a gateway to the Iron City of Dis.
167987 | Hell     | Found a gateway to the ashen valley of Gehenna.
168032 | Hell     | Found a gateway to the freezing wastes of Cocytus.
168179 | Coc:1    | Entered Level 1 of Cocytus
169288 | Coc:7    | Entered Level 7 of Cocytus
169747 | Coc:7    | Noticed Antaeus
169814 | Coc:7    | Defeated Antaeus
169881 | Coc:7    | Got a crude robe
169883 | Coc:7    | Got an ancient iron amulet
169895 | Coc:7    | Got an icy rune of Zot
170141 | Dis:1    | Entered Level 1 of the Iron City of Dis
171010 | Dis:7    | Entered Level 7 of the Iron City of Dis
171142 | Dis:7    | Noticed Dispater
171142 | Dis:7    | Noticed a Fiend
171152 | Dis:7    | Defeated a Fiend
171155 | Dis:7    | Defeated Dispater
171185 | Dis:7    | Got a golden staff
171250 | Dis:7    | Got an iron rune of Zot
171280 | Hell     | Identified the cursed +0 robe "Apraoz" (You found it on level 7 of Cocytus)
171281 | Hell     | Identified the amulet "Veasalon" (You found it on level 7 of Cocytus)
171335 | Tar:1    | Entered Level 1 of Tartarus
171695 | Tar:7    | Entered Level 7 of Tartarus
172676 | Tar:7    | Got a flickering golden ring
172746 | Tar:7    | Noticed the Serpent of Hell
172758 | Tar:7    | Defeated the Serpent of Hell
172787 | Tar:7    | Noticed Ereshkigal
172800 | Tar:7    | Defeated Ereshkigal
172920 | Tar:7    | Got a bone rune of Zot
172936 | Tar:7    | Got a graven book
172937 | Tar:7    | Identified the Disquisition on Hexes and Flight (You found it on level 7 of Tartarus)
172944 | Tar:7    | Got a wavering iron amulet
173046 | Geh:1    | Entered Level 1 of Gehenna
173049 | Geh:1    | Noticed a Fiend
173052 | Geh:1    | Defeated a Fiend
174051 | Geh:7    | Entered Level 7 of Gehenna
174150 | Geh:7    | Noticed Asmodeus
174153 | Geh:7    | Got an obsidian rune of Zot
175216 | Zot:5    | Got the Orb of Zot
175343 | D:25     | Defeated a golden dragon
175924 | D:3      | Defeated Euph0ria's ghost
175932 | D:3      | Noticed Sahaiv the pandemonium lord
175938 | D:3      | Noticed a quicksilver dragon
176107 | D:$      | Escaped with the Orb!
